Map: Sentinel LE

Players

happy

  • Race: Terran Terran
  • Spawn Location: 9:00

sirfluffy

  • Race: Zerg Zerg
  • Spawn Location: 9:00

muffyhunter

  • Race: Protoss Protoss
  • Spawn Location: 12:00

PiPuxD - Winner!

  • Race: Terran Terran
  • League: Gold
  • Spawn Location: 5:00

MattBarry - Winner!

  • Race: Zerg Zerg
  • League: Gold
  • Spawn Location: 6:00

Alebay - Winner!

  • Race: Protoss Protoss
  • Spawn Location: 5:00

VOD

Have the link to the VOD?

Description

Time

  • Played on: Jan. 25, 2023, 3:41 a.m.
  • Length: 17:43
Show
View Real Time Build Order
Export as new Build Order

happy Terran 

Build Orders: Command Center First (CC) 

Get SALT Encoding   

  12  0:03  SCV  
  13  0:15  SCV  
  14  0:27  SCV  
  15  0:33  Supply Depot  
  15  0:55  SCV  
  16  1:00  Command Center  
  16  1:07  SCV  
  17  1:24  Barracks  
  17  1:31  Barracks  
  17  1:32  SCV  
  18  1:43  Barracks  
  19  1:47  SCV  
  19  1:58  Refinery  
  19  1:59  SCV  
  20  2:04  Refinery  
  20  2:11  SCV  
  20  2:15  Supply Depot  
  21  2:27  Orbital Command  
  21  2:32  Marine  
  21  2:35  Marine  
  23  2:40  Marine  
  24  2:55  Factory  
  24  3:00  Refinery  
  24  3:10  Orbital Command  
  24  3:19  Barracks Tech Lab  
  24  3:20  Barracks Reactor  
  24  3:23  Barracks Reactor  
  24  3:26  SCV  
  25  3:36  Engineering Bay  
  25  3:39  Stimpack  
  25  3:43  Marine  
  25  3:47  SCV  
  27  3:50  SCV  
  28  3:57  Factory Tech Lab  
  28  4:12  Starport x2  
  28  4:20  Missile Turret  
  28  4:21  Siege Tank  
  28  4:23  Marine  
  32  4:27  SCV  
  34  4:31  SCV  
  34  4:40  Engineering Bay  
  34  4:43  SCV  
  35  4:51  Starport Reactor x2  
  35  4:55  SCV  
  36  5:02  Refinery  
  36  5:03  Missile Turret  
  36  5:07  Marine x2, SCV  
  36  5:08  Marine  
  40  5:14  Supply Depot  
  40  5:19  SCV, Siege Tank  
  44  5:24  Marine x2  
  44  5:25  Marine  
  47  5:30  Combat Shield  
  47  5:31  SCV  
  47  5:33  Medivac  
  50  5:42  SCV  
  51  5:44  SCV  
  51  5:48  Medivac  
  54  5:53  Medivac  
  54  5:54  SCV  
  54  5:56  SCV, Medivac  
  60  5:58  Marine  
  60  6:03  Supply Depot  
  61  6:17  Terran Infantry Weapons Level 1  
  61  6:18  Terran Infantry Armor Level 1  
  61  6:21  Armory  
  61  6:31  Sensor Tower  
  61  6:48  SCV x2  
  63  6:57  Marine x2, Marauder  
  63  7:00  SCV x2  
  69  7:17  Command Center  
  69  7:25  SCV x2  
  71  7:37  SCV x2  
  65  7:49  SCV x2  
  65  8:01  SCV x2  
  57  8:13  SCV x2  
  57  8:17  Factory  
  59  8:30  Factory x2  
  59  8:37  Hi-Sec Auto Tracking, Neosteel Armor  
  59  8:42  Missile Turret  
  59  8:44  Missile Turret  
  59  8:47  Missile Turret  
  59  8:49  Missile Turret  
  59  8:50  Missile Turret  
  59  8:51  Barracks Reactor  
  59  8:53  Orbital Command  
  59  8:57  Missile Turret  
  59  9:02  Missile Turret  
  61  9:10  Widow Mine x2  
  61  9:12  Drilling Claws  
  61  9:14  Smart Servos  
  61  9:16  Missile Turret  
  65  9:31  Widow Mine x2  
  65  9:34  Armory  
  65  9:37  Missile Turret  
  67  9:41  Factory  
  69  9:53  Widow Mine x2  
  69  9:56  Missile Turret  
  69  9:57  Factory x3  
  69  9:58  Factory  
  71  10:13  Missile Turret  
  73  10:14  Widow Mine, Siege Tank  
  73  10:15  Missile Turret  
  73  10:16  Missile Turret  
  76  10:25  Marine x3  
  76  10:26  Marine x3  
  82  10:35  Missile Turret, Siege Tank  
  85  10:40  Factory Tech Lab x3  
  85  10:43  Marine x2  
  85  10:47  Siege Tank  
  88  11:06  Siege Tank  
  91  11:12  Siege Tank x2  
  91  11:15  Supply Depot  
  91  11:16  Factory Tech Lab  
  97  11:20  Supply Depot  
  97  11:37  Thor  
  84  11:48  Thor  
  84  11:49  Thor x2, Siege Tank  
  84  11:50  Hellion  
  102  11:59  Factory Tech Lab  
  99  12:07  Marine x5  
  104  12:19  Thor  
  109  12:58  Thor, Factory Tech Lab  
  113  13:07  Thor  
  116  13:24  Marine  
  117  13:32  Supply Depot  
  117  13:35  Supply Depot x2  
  117  13:36  Supply Depot  
  117  13:37  Supply Depot  
  117  13:38  Supply Depot  
  117  13:40  Supply Depot  
  117  13:42  Starport Reactor  
  117  13:44  Starport Reactor  
  117  13:53  Marine, Siege Tank  
  117  13:54  Widow Mine, Hellion  
  125  13:56  Starport Reactor x2, Marine x5, Thor  
  125  13:57  Widow Mine, Siege Tank  
  141  14:04  Missile Turret  
  141  14:07  Missile Turret  
  141  14:09  Refinery  
  141  14:11  Marine, SCV x3, Refinery  
  141  14:14  Marine x5  
  150  14:23  SCV x2  
  149  14:25  Missile Turret  
  149  14:29  Marine, Siege Tank x2  
  149  14:30  Siege Tank x3  
  165  14:32  Marine x5  
  170  14:39  Siege Tank  
  173  14:51  Marine x3  
  173  14:54  Marine x3, Medivac  
  176  15:01  Siege Tank  
  176  15:02  Siege Tank  
  161  15:09  Marine x3  
  80  16:18  Thor x3  
  86  16:21  Hellbat  
  100  16:28  Hellbat  
  100  16:29  Hellbat  
  104  16:42  Hellbat  
  112  17:02  Hellbat  
  112  17:04  Hellbat  
Show
View Real Time Build Order
Export as new Build Order

sirfluffy Zerg 

Build Orders: Hatch First 

Get SALT Encoding   

  12  0:01  Drone  
  13  0:08  Drone  
  14  0:17  Overlord  
  14  0:35  Drone x3  
  17  0:53  Hatchery  
  16  1:10  Spawning Pool, Drone  
  16  1:13  Drone  
  16  1:16  Drone  
  18  1:23  Drone  
  18  1:24  Extractor  
  18  1:32  Drone  
  19  1:43  Drone  
  20  1:57  Overlord  
  20  1:59  Queen  
  22  2:05  Queen  
  22  2:06  Drone  
  25  2:20  Drone x3  
  28  2:25  Metabolic Boost  
  28  2:33  Spine Crawler  
  28  2:37  Spore Crawler, Drone  
  25  2:38  Drone  
  25  2:42  Zergling x2  
  28  2:51  Drone  
  29  2:59  Drone x4  
  33  3:12  Drone  
  34  3:13  Drone  
  34  3:17  Hatchery  
  34  3:27  Overlord  
  34  3:28  Overlord x2  
  34  3:31  Zergling x2  
  34  3:32  Zergling x2  
  36  3:41  Overlord  
  36  3:47  Zergling x2  
  36  3:48  Zergling x6  
  40  3:53  Zergling x4  
  40  3:54  Zergling x2  
  43  4:02  Drone  
  44  4:04  Roach Warren  
  43  4:10  Zergling x4  
  43  4:11  Zergling x6  
  48  4:19  Zergling x2  
  48  4:20  Zergling x6  
  52  4:31  Drone x6  
  58  4:47  Drone x3  
  58  4:49  Queen  
  63  4:53  Lair  
  63  4:54  Pneumatized Carapace  
  63  4:56  Drone x2  
  63  4:58  Drone  
  60  5:18  Evolution Chamber  
  60  5:19  Evolution Chamber, Drone  
  60  5:20  Drone x8  
  54  5:38  Roach  
  54  5:39  Roach x7  
  70  5:46  Zerg Missile Weapons Level 1  
  70  5:48  Zergling x2  
  70  5:49  Zergling x2  
  72  6:03  Hatchery  
  71  6:07  Zergling x6  
  71  6:08  Overlord  
  71  6:09  Overlord x6  
  74  6:17  Roach  
  74  6:23  Overlord x5  
  74  6:32  Roach  
  76  6:33  Roach x4  
  76  6:35  Zergling x2  
  76  6:36  Zergling x6  
  88  6:49  Extractor  
  88  6:52  Drone x2  
  84  6:57  Drone x2  
  84  6:58  Zergling x2  
  84  6:59  Zergling x4  
  79  7:07  Zergling x2  
  79  7:08  Zergling x10  
  81  7:15  Glial Reconstitution  
  81  7:24  Extractor  
  81  7:25  Drone, Extractor  
  81  7:26  Drone x3  
  81  7:29  Zergling x2  
  84  7:30  Zergling x14  
  84  7:31  Queen  
  84  7:35  Roach x2  
  97  7:42  Spore Crawler  
  96  7:47  Spore Crawler, Drone x4  
  99  7:52  Drone  
  99  7:55  Drone x2  
  99  7:56  Drone  
  103  7:58  Zerg Missile Weapons Level 2  
  103  8:03  Zerg Ground Armor Level 1  
  103  8:04  Zergling x2  
  103  8:05  Zergling x16  
  112  8:20  Drone x7  
  112  8:21  Drone  
  112  8:25  Extractor  
  119  8:34  Roach  
  119  8:35  Roach x3  
  119  8:36  Hydralisk Den  
  126  8:42  Zergling x2  
  126  8:43  Zergling x14  
  126  8:44  Zergling x4  
  136  8:51  Roach  
  136  8:52  Roach x4  
  146  9:01  Infestation Pit  
  140  9:06  Roach  
  140  9:07  Roach x5  
  141  9:17  Roach  
  141  9:18  Roach x8  
  141  9:21  Zergling x10  
  142  9:28  Grooved Spines  
  142  9:30  Drone  
  135  9:35  Extractor  
  134  9:41  Drone  
  134  9:42  Drone  
  134  9:43  Drone x2  
  138  9:55  Roach x12  
  138  9:56  Roach  
  164  10:02  Zerg Melee Weapons Level 1  
  149  10:09  Zergling x16  
  149  10:10  Zergling x6  
  131  10:30  Hydralisk x7  
  131  10:31  Hydralisk x3  
  133  10:45  Spore Crawler  
  133  10:47  Spore Crawler  
  133  10:48  Spore Crawler  
  108  10:50  Spore Crawler  
  108  10:51  Spore Crawler  
  108  10:54  Drone  
  108  10:55  Drone x3  
  108  10:56  Spore Crawler x2  
  91  10:58  Spore Crawler x2  
  91  11:01  Spore Crawler  
  91  11:04  Spore Crawler x2  
  87  11:08  Spore Crawler  
  49  11:23  Drone  
  49  11:24  Drone x15  
  59  11:36  Zergling x8  
  63  11:51  Zergling x10  
  63  11:52  Zergling x2  
  49  12:08  Hydralisk x2  
  49  12:09  Hydralisk x3  
  55  12:23  Hydralisk  
  55  12:24  Hydralisk x3  
  63  12:31  Hydralisk x2  
  63  12:33  Hydralisk  
  62  12:45  Drone  
  62  12:46  Drone x5  
  62  12:47  Drone  
  67  12:51  Hydralisk  
  66  13:06  Zerg Ground Armor Level 2  
  66  13:09  Drone  
  67  13:18  Drone x9  
  76  13:20  Drone  
  76  13:26  Muscular Augments  
  73  13:43  Hatchery  
  73  13:48  Hydralisk x5  
  78  14:04  Hydralisk x4  
  78  14:06  Roach x2  
  90  14:20  Hydralisk x3, Roach x3  
  100  14:41  Hydralisk x4  
  100  14:42  Roach  
  102  15:00  Hydralisk x2  
  102  15:01  Hydralisk x6  
  109  15:13  Roach x2  
  104  15:23  Spawning Pool  
  93  15:36  Hydralisk x4  
  94  15:57  Hydralisk x3, Drone  
  33  16:24  Drone  
  33  16:25  Drone x5  
  29  16:58  Hydralisk x2  
  29  16:59  Hydralisk x4  
  22  17:18  Hydralisk  
  22  17:19  Hydralisk  
Show
View Real Time Build Order
Export as new Build Order

muffyhunter Protoss 

Build Orders: Dark Templar Rush 

Get SALT Encoding   

  12  0:34  Probe  
  13  0:46  Probe  
  14  0:50  Pylon  
  14  0:58  Probe  
  15  1:05  Pylon  
  15  1:16  Nexus  
  15  1:18  Probe  
  16  1:30  Probe  
  16  1:32  Gateway  
  17  1:40  Assimilator  
  17  1:42  Probe  
  17  1:47  Assimilator  
  18  1:54  Probe  
  19  2:06  Probe  
  19  2:07  Pylon  
  20  2:18  Probe (Chrono Boost)  
  20  2:19  Cybernetics Core  
  21  2:29  Probe (Chrono Boost)  
  23  2:30  Probe (Chrono Boost)  
  23  2:32  Zealot  
  26  2:37  Probe (Chrono Boost)  
  26  2:44  Pylon  
  26  2:47  Probe x2  
  28  2:59  Probe (Chrono Boost)  
  28  3:00  Probe (Chrono Boost)  
  28  3:03  Twilight Council  
  28  3:04  Warp Gate  
  30  3:11  Probe (Chrono Boost)  
  32  3:14  Assimilator  
  32  3:17  Probe (Chrono Boost)  
  33  3:20  Probe (Chrono Boost)  
  33  3:24  Assimilator, Probe (Chrono Boost)  
  34  3:28  Probe (Chrono Boost)  
  35  3:36  Probe (Chrono Boost)  
  37  3:43  Dark Shrine  
  37  3:44  Probe (Chrono Boost)  
  37  3:45  Probe (Chrono Boost)  
  38  3:53  Probe (Chrono Boost)  
  38  3:55  Probe (Chrono Boost)  
  40  3:57  Probe (Chrono Boost)  
  40  4:02  Probe  
  42  4:04  Gateway  
  42  4:07  Probe  
  42  4:09  Pylon  
  43  4:14  Probe  
  44  4:17  Charge (Chrono Boost)  
  44  4:19  Probe  
  44  4:23  Gateway  
  45  4:26  Probe  
  46  4:31  Probe  
  46  4:38  Gateway, Probe  
  47  4:43  Probe  
  47  4:44  Gateway  
  49  4:56  Robotics Facility  
  49  4:57  Dark Templar  
  49  4:58  Dark Templar  
  53  5:02  Pylon, Probe x2  
  55  5:07  Pylon  
  55  5:09  Shadow Stride  
  55  5:19  Dark Templar  
  57  5:33  Dark Templar x2  
  57  5:34  Dark Templar  
  63  5:42  Pylon, Dark Templar  
  65  5:43  Warp Prism (Chrono Boost)  
  65  5:45  Pylon  
  67  5:51  Gateway  
  67  5:56  Forge  
  67  5:59  Dark Templar  
  57  6:28  Pylon, Dark Templar  
  57  6:29  Dark Templar x2  
  57  6:30  Zealot  
  63  6:46  Probe x2  
  65  6:54  Zealot, Dark Templar  
  65  6:55  Zealot  
  65  6:58  Probe  
  65  6:59  Probe  
  71  7:09  Stalker x2  
  71  7:10  Stalker  
  68  7:22  Probe x2  
  56  7:26  Nexus  
  56  7:34  Zealot, Probe x2  
  56  7:35  Zealot x3  
  56  7:36  Zealot x2  
  70  7:40  Assimilator  
  70  7:41  Protoss Ground Weapons Level 1 (Chrono Boost)  
  70  7:42  Assimilator  
  70  7:46  Probe x2  
  70  7:47  Forge  
  70  7:48  Observer  
  73  7:54  Robotics Bay  
  73  7:57  Zealot x2  
  73  7:58  Probe  
  78  7:59  Zealot  
  78  8:04  Photon Cannon  
  80  8:08  Probe  
  80  8:10  Probe  
  82  8:13  Zealot  
  84  8:20  Probe  
  84  8:23  Protoss Shields Level 1 (Chrono Boost)  
  84  8:24  Pylon  
  85  8:28  Pylon  
  85  8:31  Zealot x2  
  85  8:32  Zealot  
  91  8:38  Probe (Chrono Boost)  
  92  8:42  Zealot  
  92  8:44  Zealot  
  92  8:47  Sentry, Probe (Chrono Boost)  
  99  8:50  Pylon  
  99  8:52  Probe (Chrono Boost)  
  99  8:55  Colossus  
  100  8:59  Extended Thermal Lance  
  106  9:03  Probe x2  
  106  9:04  Probe  
  106  9:07  Zealot  
  111  9:14  Blink  
  111  9:15  Probe  
  112  9:21  Robotics Facility  
  112  9:23  Protoss Ground Weapons Level 2 (Chrono Boost)  
  112  9:24  Pylon  
  112  9:32  Zealot, Stalker x2  
  112  9:33  Zealot  
  120  9:42  Shield Battery  
  120  9:44  Photon Cannon  
  120  9:47  Stargate  
  120  9:51  Colossus  
  126  9:55  Pylon  
  126  9:58  Stalker  
  128  10:00  Stalker  
  128  10:02  Stalker  
  129  10:10  Stalker x2  
  112  10:37  Stalker x3  
  112  10:39  Gravitic Boosters  
  117  10:48  Zealot x2  
  115  10:53  Zealot  
  90  11:02  Zealot  
  90  11:03  Zealot x2  
  76  11:10  Colossus  
  50  11:18  Zealot  
  50  11:19  Zealot x2  
  47  11:31  Dark Templar  
  28  11:44  Zealot  
  18  12:57  Probe (Chrono Boost)  
  19  13:05  Probe (Chrono Boost)  
  20  13:21  Pylon  
  20  13:24  Probe (Chrono Boost)  
  21  13:33  Probe (Chrono Boost)  
  21  13:34  Probe (Chrono Boost)  
  23  13:39  Probe (Chrono Boost)  
  23  13:40  Probe  
  23  14:02  Probe (Chrono Boost)  
  23  14:03  Pylon  
Show
View Real Time Build Order
Export as new Build Order

PiPuxD Terran - Winner!

Build Orders: 2 Factory, Reaper Expand, Mech 

Get SALT Encoding   

  12  0:00  SCV  
  13  0:12  SCV  
  14  0:17  Supply Depot  
  14  0:24  SCV  
  15  0:39  Barracks, SCV  
  16  0:45  Refinery  
  16  0:51  SCV  
  17  1:03  SCV  
  18  1:16  SCV  
  19  1:29  Reaper  
  19  1:30  Orbital Command  
  20  1:52  Command Center  
  20  1:58  SCV  
  20  2:00  Supply Depot  
  21  2:01  Barracks Reactor  
  21  2:10  SCV, Refinery  
  22  2:22  SCV  
  23  2:34  SCV  
  24  2:49  SCV  
  24  2:50  Marine x2  
  26  2:55  Factory  
  26  3:02  Factory  
  26  3:03  SCV  
  26  3:04  Orbital Command  
  27  3:10  Marine x2  
  29  3:16  SCV  
  30  3:28  Supply Depot, SCV  
  30  3:30  SCV, Engineering Bay  
  32  3:40  SCV  
  33  3:51  Factory Tech Lab  
  33  3:54  Barracks Reactor  
  33  3:55  SCV x2  
  35  3:56  Hellion x2  
  35  4:01  Starport  
  39  4:03  Armory  
  39  4:05  Missile Turret  
  39  4:07  SCV x2  
  39  4:08  Missile Turret  
  41  4:18  Hellion x2  
  41  4:19  SCV x2  
  47  4:25  Supply Depot  
  47  4:27  Supply Depot  
  47  4:31  SCV x2, Siege Tank  
  51  4:37  Infernal Pre-Igniter  
  52  4:45  SCV x2  
  52  4:47  Widow Mine x2  
  58  4:55  Supply Depot, Refinery  
  58  4:56  Supply Depot  
  58  5:12  Hellion x2  
  62  5:34  SCV  
  62  5:35  SCV  
  64  5:38  Command Center  
  64  5:41  Refinery  
  64  5:42  Siege Tank  
  67  5:44  Liberator  
  67  5:47  SCV x2  
  72  5:53  Hellion x2  
  76  5:59  SCV x2  
  76  6:01  Supply Depot  
  76  6:04  Supply Depot  
  78  6:11  SCV x2  
  78  6:27  SCV x2  
  78  6:44  Missile Turret  
  75  7:14  Orbital Command  
  72  7:18  Missile Turret  
  68  7:36  Hellion x2, Siege Tank  
  75  7:45  Terran Vehicle Weapons Level 1  
  75  7:46  Factory  
  75  7:47  Factory  
  75  7:49  Armory  
  75  7:54  Missile Turret  
  75  7:56  Missile Turret  
  75  8:03  Hellion x2  
  79  8:08  Siege Tank  
  79  8:09  Orbital Command  
  82  8:22  SCV x2  
  84  8:31  Factory Tech Lab x2  
  84  8:34  SCV x2  
  84  8:38  Hellion x2  
  84  8:40  Siege Tank  
  93  8:46  SCV x2  
  95  8:56  SCV  
  95  8:58  SCV x2  
  95  9:02  Missile Turret  
  90  9:05  Missile Turret x2  
  90  9:09  SCV  
  91  9:10  SCV  
  91  9:12  Siege Tank  
  95  9:40  SCV x3  
  95  9:43  Hellion  
  95  9:44  Siege Tank, Hellion  
  95  9:45  Siege Tank x2  
  111  9:47  Terran Vehicle Weapons Level 2  
  111  9:48  Terran Vehicle And Ship Armor Level 1  
  111  9:52  SCV x3  
  114  9:54  Supply Depot  
  114  9:55  Supply Depot  
  114  9:56  Supply Depot  
  114  9:57  Supply Depot  
  114  9:59  Supply Depot  
  114  10:02  Fusion Core  
  114  10:05  Refinery  
  114  10:06  Refinery  
  110  10:10  Command Center  
  104  10:16  Siege Tank  
  104  10:17  Hellion x2  
  104  10:18  Siege Tank x2  
  100  11:07  Hellion x2, Siege Tank  
  92  11:22  Siege Tank x2  
  98  11:25  Orbital Command  
  98  11:29  Hellion x2  
  102  11:43  Terran Vehicle And Ship Armor Level 2  
  91  12:02  Hellion x2, Siege Tank x2  
  91  12:03  Siege Tank  
  91  12:06  Terran Vehicle Weapons Level 3  
  91  12:08  Liberator x2  
  107  12:14  Orbital Command  
  110  12:27  SCV x3  
  113  12:34  Thor x3  
  113  12:35  Hellion x2  
  135  12:39  SCV x3  
  135  13:10  Hellion x2  
  139  13:17  Thor x3  
  139  13:18  SCV x4  
  161  13:30  SCV  
  162  13:53  Missile Turret x3  
  162  13:59  Hellion x2  
  162  14:00  Siege Tank x2  
  172  14:08  Siege Tank  
  175  14:36  Advanced Ballistics  
  175  14:40  Terran Vehicle And Ship Armor Level 3  
  175  14:44  Terran Ship Weapons Level 1  
  175  14:45  Siege Tank  
  175  14:46  Siege Tank x2  
  175  14:47  Hellion x2  
  172  15:30  Siege Tank x2, Hellion x2  
  172  15:31  Siege Tank  
  159  16:17  Siege Tank x3, Hellion x2  
  166  16:30  Unknown  
  166  16:32  Refinery  
  166  16:42  Liberator x2  
  172  16:59  Command Center  
Show
View Real Time Build Order
Export as new Build Order

MattBarry Zerg - Winner!

Build Orders: Hatch First 

Get SALT Encoding   

  12  0:00  Drone  
  13  0:13  Overlord  
  13  0:18  Drone  
  14  0:31  Drone x2  
  16  0:55  Hatchery  
  15  0:59  Drone  
  15  1:00  Drone  
  17  1:12  Spawning Pool  
  17  1:16  Drone  
  17  1:23  Extractor  
  16  1:26  Drone x2  
  16  1:32  Drone  
  19  1:52  Drone  
  20  1:59  Queen  
  20  2:00  Overlord  
  22  2:09  Overlord  
  22  2:14  Drone  
  22  2:15  Drone  
  24  2:18  Extractor  
  24  2:20  Evolution Chamber  
  22  2:35  Drone  
  23  2:45  Drone  
  23  2:48  Metabolic Boost  
  24  2:54  Queen  
  24  2:56  Drone x3  
  29  3:00  Drone x2  
  29  3:04  Queen  
  33  3:08  Zergling x4  
  33  3:10  Zergling x2  
  36  3:16  Zergling x2  
  36  3:18  Drone  
  38  3:21  Zerg Melee Weapons Level 1  
  38  3:49  Drone x2  
  38  3:50  Overlord x2  
  36  4:36  Extractor  
  36  4:37  Extractor  
  34  4:39  Zergling x2  
  34  4:40  Zergling x8  
  34  4:41  Hatchery, Drone x2  
  34  4:44  Baneling Nest  
  39  4:51  Drone x2  
  39  4:52  Drone x4  
  45  4:57  Extractor  
  42  5:12  Drone  
  42  5:13  Drone  
  42  5:14  Drone x6  
  42  5:33  Drone  
  42  5:34  Drone x3  
  46  5:45  Lair  
  46  5:58  Overlord  
  46  5:59  Hatchery  
  45  6:15  Spore Crawler  
  45  6:17  Spore Crawler  
  45  6:18  Overlord  
  43  6:22  Spore Crawler  
  43  6:23  Spore Crawler  
  43  6:24  Queen  
  43  6:32  Roach Warren  
  41  6:48  Zergling x2  
  41  6:49  Zergling x20  
  52  7:00  Queen  
  51  7:17  Spire x2  
  51  7:19  Drone  
  46  7:37  Drone  
  46  7:38  Drone  
  40  7:49  Overseer  
  40  7:50  Hatchery  
  38  8:07  Drone  
  38  8:08  Drone x12  
  51  8:27  Roach x2, Hatchery  
  54  8:35  Roach x2  
  58  8:52  Mutalisk  
  58  8:53  Mutalisk x6  
  58  8:55  Overlord  
  70  9:13  Mutalisk x6  
  70  9:14  Mutalisk  
  79  9:17  Overlord  
  79  9:24  Mutalisk x2  
  79  9:34  Zerg Flyer Weapons Level 1  
  79  9:36  Mutalisk x2  
  83  9:49  Drone x2  
  83  9:50  Drone x4  
  89  9:54  Hatchery  
  88  10:27  Mutalisk x2  
  88  10:28  Mutalisk x5  
  90  10:35  Zergling x4, Overlord x2  
  84  11:14  Queen x2  
  73  11:18  Zergling x4  
  73  11:19  Mutalisk x2, Zergling x4, Overlord x2  
  76  11:50  Queen x2  
  78  12:04  Zergling x2  
  78  12:07  Mutalisk  
  78  12:08  Mutalisk x6  
  89  12:18  Mutalisk  
  87  12:26  Queen  
  82  12:47  Mutalisk  
  82  12:48  Mutalisk  
  82  13:12  Hatchery x2  
  80  13:28  Hatchery  
  75  13:37  Hatchery  
  70  14:30  Mutalisk  
  70  14:31  Mutalisk x10  
  92  15:01  Roach  
  92  15:02  Roach x7  
  102  15:15  Mutalisk x2  
  49  15:39  Roach  
  49  15:40  Roach x2  
  42  15:48  Zergling x2  
  40  16:08  Roach  
  40  16:09  Roach x10  
  59  16:53  Hatchery  
Show
View Real Time Build Order
Export as new Build Order

Alebay Protoss - Winner!

Build Orders: 1 Gate Expand, Blink Stalkers 

Get SALT Encoding   

  12  0:00  Probe  
  13  0:13  Probe  
  14  0:19  Pylon  
  14  0:25  Probe  
  15  0:37  Probe  
  15  0:40  Gateway  
  16  0:48  Assimilator  
  16  0:49  Probe  
  17  1:01  Probe  
  18  1:13  Probe  
  20  1:25  Probe  
  20  1:34  Nexus  
  20  1:37  Probe  
  21  1:44  Cybernetics Core  
  21  1:50  Assimilator  
  21  1:55  Probe  
  22  2:07  Pylon  
  22  2:09  Probe  
  22  2:14  Warp Gate (Chrono Boost)  
  23  2:25  Adept  
  23  2:26  Probe  
  26  2:30  Pylon  
  26  2:39  Probe  
  26  2:42  Gateway  
  27  2:44  Twilight Council  
  27  2:48  Probe  
  28  2:54  Probe  
  28  2:58  Stalker  
  31  3:01  Probe  
  32  3:06  Probe  
  33  3:15  Probe  
  33  3:18  Probe  
  33  3:19  Robotics Facility  
  35  3:27  Blink (Chrono Boost)  
  35  3:28  Probe  
  35  3:30  Probe  
  35  3:32  Pylon  
  37  3:40  Probe  
  38  3:42  Probe  
  38  3:45  Forge  
  39  3:50  Stalker  
  39  3:52  Probe  
  39  3:54  Probe  
  43  4:06  Probe  
  43  4:09  Assimilator  
  44  4:10  Probe  
  44  4:15  Pylon  
  44  4:16  Immortal  
  49  4:18  Probe  
  49  4:20  Stalker  
  49  4:23  Probe  
  53  4:27  Assimilator  
  53  4:31  Protoss Ground Weapons Level 1 (Chrono Boost), Stalker, Probe  
  56  4:39  Pylon  
  56  4:40  Probe  
  56  4:43  Probe  
  56  4:45  Stalker  
  60  4:53  Pylon  
  54  5:31  Stalker x2  
  56  5:39  Gateway  
  56  5:41  Gateway  
  56  5:42  Gateway  
  56  5:48  Immortal  
  60  5:51  Photon Cannon  
  60  5:52  Photon Cannon  
  60  5:55  Pylon  
  60  5:57  Stalker  
  60  5:58  Stalker  
  64  6:08  Gateway  
  64  6:09  Gateway  
  64  6:10  Gateway  
  64  6:13  Protoss Ground Armor Level 1 (Chrono Boost)  
  64  6:19  Robotics Facility  
  64  6:23  Stalker  
  64  6:24  Stalker  
  68  6:27  Observer  
  69  6:36  Stalker  
  67  7:03  Stalker x4  
  67  7:04  Stalker x2  
  79  7:27  Stalker x3  
  79  7:28  Stalker x4  
  91  7:51  Stalker  
  91  7:53  Protoss Ground Weapons Level 2 (Chrono Boost)  
  93  7:59  Pylon  
  93  8:00  Pylon  
  93  8:02  Pylon  
  93  8:20  Stalker x3  
  93  8:21  Stalker x4  
  107  8:41  Nexus  
  107  8:59  Pylon  
  107  9:01  Pylon  
  107  9:04  Pylon  
  95  9:33  Probe x2  
  95  9:36  Stalker x5  
  95  9:37  Stalker x3  
  113  9:45  Probe  
  114  9:55  Probe x2  
  114  9:56  Pylon  
  114  9:57  Probe  
  114  9:58  Pylon  
  117  10:02  Protoss Ground Armor Level 2, Stalker x5  
  127  10:07  Probe  
  127  10:11  Probe x2  
  130  10:19  Probe  
  131  10:23  Probe  
  81  12:00  Stalker x6  
  81  12:01  Stalker  
  69  13:07  Stalker x4  
  69  13:08  Stalker x4  
  69  13:12  Gateway  
  85  13:14  Gateway  
  85  13:16  Gateway  
  85  13:17  Gateway  
  85  13:20  Gateway  
  85  13:22  Gateway  
  85  13:29  Protoss Ground Weapons Level 3 (Chrono Boost)  
  85  13:31  Stalker x3  
  85  13:32  Stalker x5  
  101  13:40  Nexus  
  101  13:42  Pylon  
  101  13:43  Pylon  
  101  13:44  Assimilator  
  101  13:45  Pylon  
  101  13:48  Assimilator  
  101  13:57  Pylon  
  101  13:58  Pylon  
  101  13:59  Stalker x6  
  101  14:00  Stalker x2  
  117  14:14  Probe x2  
  117  14:15  Probe  
  120  14:17  Stalker  
  120  14:18  Stalker x5  
  132  14:26  Probe x2  
  132  14:27  Probe  
  132  14:30  Stalker  
  132  14:31  Stalker x5  
  143  14:32  Stalker x2  
  151  14:38  Probe  
  151  14:39  Probe x2  
  150  15:24  Stalker x2  
  150  15:25  Stalker x6  
  150  15:26  Stalker x2  
  162  15:52  Stalker x2  
  162  15:53  Stalker x7  
  162  15:54  Stalker x2  
  130  16:25  Stalker x6  
  140  16:26  Stalker x6  
  154  16:39  Stalker x2  
  142  17:40  Stalker x5  
  142  17:41  Stalker x3  
Tags
 
Add a new tag
Caveats
  • Supply blocks, unpowered buildings, or Contaminate may cause inaccurate times.
  • Supply counts are checked every 10 seconds.